[ PARTIDA AOE2 · #506290304 ]
UnrankedFrancos vs Mongols
Equipo del jugador · DERR
Equipo rival · VICT
[ ANÁLISIS DE REPETICIÓN · EXTRAÍDO DE LA PARTIDA GRABADA ]
Feudal
9:43
Castillos
23:25
Imperial
43:03
| APM promedio | 35.2 |
| APM pico | 66 |
| eAPM promedio | 19.5 |
| Aldeanos / militares | 138 / 120 |
Foco
⚔️ 32.9% · 🌾 67.1%
Archer ×54 · Skirmisher ×25 · Knight ×22 · Trebuchet (Packed) ×9 · Spearman ×5 · Battering Ram ×2
Feudal
7:42
Castillos
24:11
Imperial
42:13
| APM promedio | 45.7 |
| APM pico | 72 |
| eAPM promedio | 22.1 |
| Aldeanos / militares | 187 / 177 |
Foco
⚔️ 33.9% · 🌾 66.1%
Scout Cavalry ×50 · Skirmisher ×48 · Steppe Lancer ×30 · Mangudai ×22 · Monk ×8 · Trebuchet (Packed) ×7
Mapa de la partida
Recursos iniciales + cada clic de construcción. Líneas = muros · curvas = relieve. ◆ oro · ⬟ piedra · ● bayas · ✦ reliquia · ◌ hueco del cierre
Tu base· Abierta — hueco de 4t
Base de davidagh2001· Abierta — flanco sin cerrar
Terreno inicial suavizado · ◌ = hueco del cierre detectado · pasá el cursor para detalles
Inputs por minuto
— AttiladaHun - - davidagh2001
Build order — AttiladaHun
Primeras 150 de 413 acciones detectadas
| 0:00 | Encolar | Villager (Male) |
| 0:01 | Encolar | Villager (Male) |
| 0:01 | Encolar | Villager (Male) |
| 0:01 | Encolar | Villager (Male) |
| 0:01 | Encolar | Villager (Male) |
| 0:02 | Construir | House |
| 0:04 | Construir | House |
| 1:32 | Encolar | Villager (Male) |
| 1:33 | Encolar | Villager (Male) |
| 1:50 | Construir | Lumber Camp |
| 2:01 | Encolar | Villager (Male) |
| 2:01 | Encolar | Villager (Male) |
| 2:19 | Encolar | Villager (Male) |
| 2:19 | Encolar | Villager (Male) |
| 2:58 | Encolar | Villager (Male) |
| 2:58 | Encolar | Villager (Male) |
| 3:05 | Encolar | Villager (Male) |
| 3:40 | Encolar | Villager (Male) |
| 4:12 | Construir | House |
| 4:15 | Encolar | Villager (Male) |
| 4:20 | Construir | Mill |
| 4:29 | Encolar | Villager (Male) |
| 4:29 | Encolar | Villager (Male) |
| 5:14 | Encolar | Villager (Male) |
| 5:45 | Encolar | Villager (Male) |
| 5:49 | Investigar | Loom |
| 6:53 | Construir | Lumber Camp |
| 7:11 | Construir | Farm |
| 7:12 | Construir | Farm |
| 7:33 | Investigar | Feudal Age |
| 7:33 | Investigar | Feudal Age |
| 7:59 | Construir | House |
| 9:11 | Construir | Barracks |
| 9:14 | Encolar | Villager (Male) |
| 9:43 | Edad | Edad Feudal |
| 9:53 | Encolar | Spearman |
| 9:53 | Encolar | Spearman |
| 9:57 | Construir | Archery Range |
| 10:00 | Encolar | Villager (Male) |
| 10:03 | Investigar | Double-Bit Axe |
| 10:33 | Construir | Mining Camp |
| 10:35 | Encolar | Spearman |
| 10:41 | Encolar | Archer |
| 10:50 | Encolar | Spearman |
| 11:10 | Construir | House |
| 11:11 | Construir | Palisade Wall |
| 11:14 | Encolar | Villager (Male) |
| 11:33 | Encolar | Villager (Male) |
| 11:58 | Encolar | Villager (Male) |
| 12:11 | Encolar | Skirmisher |
| 12:13 | Encolar | Archer |
| 12:22 | Encolar | Villager (Male) |
| 12:41 | Construir | House |
| 12:47 | Construir | House |
| 12:51 | Construir | Watch Tower |
| 13:07 | Encolar | Spearman |
| 13:09 | Encolar | Archer |
| 13:10 | Encolar | Skirmisher |
| 13:10 | Encolar | Skirmisher |
| 13:32 | Encolar | Archer |
| 13:32 | Encolar | Archer |
| 13:44 | Construir | Farm |
| 13:46 | Encolar | Villager (Male) |
| 13:46 | Encolar | Villager (Male) |
| 14:11 | Encolar | Villager (Male) |
| 14:20 | Construir | Farm |
| 14:36 | Construir | Palisade Wall |
| 14:39 | Encolar | Archer |
| 14:44 | Construir | Farm |
| 14:45 | Construir | Farm |
| 14:47 | Construir | Farm |
| 14:48 | Construir | Farm |
| 14:52 | Construir | Farm |
| 14:54 | Encolar | Villager (Male) |
| 15:26 | Construir | Farm |
| 15:27 | Encolar | Villager (Male) |
| 15:39 | Construir | House |
| 15:42 | Construir | Blacksmith |
| 15:44 | Construir | House |
| 15:49 | Encolar | Villager (Male) |
| 15:55 | Construir | Palisade Wall |
| 16:06 | Encolar | Villager (Male) |
| 16:09 | Construir | Farm |
| 16:23 | Encolar | Archer |
| 16:23 | Encolar | Archer |
| 16:47 | Encolar | Villager (Male) |
| 16:48 | Encolar | Villager (Male) |
| 16:51 | Construir | Farm |
| 16:54 | Encolar | Villager (Male) |
| 17:43 | Construir | Farm |
| 17:44 | Encolar | Villager (Male) |
| 17:48 | Construir | Farm |
| 17:51 | Construir | Farm |
| 17:53 | Encolar | Villager (Male) |
| 18:09 | Encolar | Villager (Male) |
| 18:10 | Construir | Farm |
| 18:15 | Encolar | Villager (Male) |
| 18:18 | Construir | Farm |
| 18:19 | Construir | Farm |
| 19:09 | Construir | Farm |
| 19:13 | Construir | Farm |
| 19:24 | Construir | Farm |
| 19:45 | Encolar | Villager (Male) |
| 19:47 | Construir | Farm |
| 20:25 | Construir | Market |
| 20:45 | Investigar | Castle Age |
| 22:10 | Construir | Stable |
| 22:28 | Construir | House |
| 23:25 | Edad | Edad de los Castillos |
| 23:33 | Encolar | Knight |
| 23:34 | Encolar | Knight |
| 23:48 | Encolar | Villager (Male) |
| 24:00 | Encolar | Villager (Male) |
| 24:05 | Encolar | Knight |
| 24:09 | Encolar | Knight |
| 24:16 | Encolar | Villager (Male) |
| 24:36 | Encolar | Villager (Male) |
| 24:53 | Encolar | Knight |
| 24:55 | Encolar | Villager (Male) |
| 25:00 | Investigar | Bow Saw |
| 25:04 | Encolar | Villager (Male) |
| 25:35 | Encolar | Knight |
| 25:42 | Investigar | Crossbowman (upgrade) |
| 25:44 | Encolar | Villager (Male) |
| 25:48 | Construir | House |
| 25:50 | Encolar | Villager (Male) |
| 26:00 | Construir | Lumber Camp |
| 26:15 | Encolar | Knight |
| 26:15 | Encolar | Knight |
| 26:29 | Encolar | Archer |
| 26:29 | Encolar | Archer |
| 26:29 | Encolar | Archer |
| 26:30 | Encolar | Archer |
| 26:30 | Encolar | Archer |
| 26:34 | Investigar | Fletching |
| 26:34 | Investigar | Padded Archer Armor |
| 26:40 | Construir | Archery Range |
| 26:46 | Construir | House |
| 26:47 | Construir | House |
| 26:50 | Construir | House |
| 27:01 | Encolar | Knight |
| 27:25 | Encolar | Knight |
| 27:34 | Encolar | Archer |
| 27:35 | Encolar | Archer |
| 27:37 | Encolar | Villager (Male) |
| 27:37 | Encolar | Villager (Male) |
| 27:38 | Encolar | Archer |
| 27:39 | Encolar | Archer |
| 27:39 | Encolar | Archer |
| 27:39 | Encolar | Archer |
Build order — davidagh2001
Primeras 150 de 484 acciones detectadas
| 0:02 | Encolar | Villager (Male) ×4 |
| 0:04 | Construir | House |
| 0:06 | Construir | House |
| 1:28 | Encolar | Villager (Male) |
| 1:59 | Encolar | Villager (Male) |
| 2:27 | Construir | Lumber Camp |
| 2:35 | Encolar | Villager (Male) |
| 2:39 | Encolar | Villager (Male) |
| 3:13 | Encolar | Villager (Male) |
| 3:21 | Encolar | Villager (Male) |
| 3:46 | Encolar | Villager (Male) |
| 3:48 | Encolar | Villager (Male) |
| 3:58 | Construir | House |
| 4:05 | Encolar | Villager (Male) |
| 4:46 | Construir | Mill |
| 4:51 | Encolar | Villager (Male) |
| 5:32 | Investigar | Feudal Age |
| 6:23 | Encolar | Villager (Male) |
| 6:59 | Construir | Barracks |
| 7:07 | Encolar | Villager (Male) |
| 7:42 | Edad | Edad Feudal |
| 7:55 | Construir | Stable |
| 8:05 | Encolar | Villager (Male) |
| 8:10 | Construir | House |
| 8:13 | Encolar | Spearman |
| 8:31 | Encolar | Villager (Male) |
| 8:48 | Encolar | Scout Cavalry |
| 8:49 | Encolar | Scout Cavalry |
| 8:51 | Encolar | Villager (Male) |
| 9:21 | Encolar | Villager (Male) |
| 9:40 | Encolar | Villager (Male) |
| 9:44 | Construir | House |
| 10:04 | Construir | Archery Range |
| 10:24 | Encolar | Scout Cavalry |
| 10:31 | Encolar | Villager (Male) |
| 10:46 | Encolar | Villager (Male) |
| 10:58 | Investigar | Loom |
| 10:59 | Encolar | Scout Cavalry |
| 11:05 | Construir | Mining Camp |
| 11:06 | Encolar | Villager (Male) |
| 11:19 | Encolar | Archer |
| 11:22 | Construir | House |
| 11:36 | Encolar | Villager (Male) |
| 11:53 | Encolar | Skirmisher |
| 12:15 | Encolar | Skirmisher |
| 12:18 | Encolar | Villager (Male) |
| 12:20 | Construir | Farm |
| 12:24 | Construir | House |
| 12:34 | Construir | Farm |
| 12:37 | Construir | Farm |
| 12:39 | Construir | Farm |
| 12:45 | Encolar | Villager (Male) |
| 12:51 | Encolar | Villager (Male) |
| 13:13 | Encolar | Skirmisher |
| 13:14 | Encolar | Villager (Male) |
| 13:29 | Construir | Lumber Camp |
| 13:29 | Encolar | Villager (Male) |
| 13:50 | Encolar | Villager (Male) |
| 14:01 | Encolar | Skirmisher |
| 14:09 | Encolar | Villager (Male) |
| 14:13 | Construir | House |
| 14:32 | Encolar | Skirmisher |
| 14:39 | Encolar | Villager (Male) |
| 14:42 | Construir | Farm |
| 14:45 | Construir | Farm |
| 14:56 | Construir | House |
| 15:03 | Encolar | Villager (Male) |
| 15:07 | Investigar | Double-Bit Axe |
| 15:11 | Encolar | Villager (Male) |
| 15:25 | Encolar | Skirmisher |
| 15:26 | Encolar | Skirmisher |
| 15:26 | Encolar | Skirmisher |
| 15:34 | Encolar | Villager (Male) |
| 15:47 | Encolar | Villager (Male) |
| 15:59 | Construir | Watch Tower |
| 16:04 | Encolar | Skirmisher |
| 16:05 | Encolar | Villager (Male) |
| 16:09 | Construir | Farm |
| 16:10 | Construir | Farm |
| 16:12 | Construir | Farm |
| 16:13 | Encolar | Villager (Male) |
| 16:19 | Encolar | Villager (Male) |
| 16:31 | Construir | Farm |
| 16:44 | Encolar | Archer |
| 16:47 | Encolar | Villager (Male) |
| 17:00 | Encolar | Villager (Male) |
| 17:19 | Encolar | Villager (Male) |
| 17:38 | Construir | House |
| 17:40 | Construir | House |
| 17:41 | Encolar | Villager (Male) |
| 17:45 | Encolar | Skirmisher |
| 17:49 | Encolar | Spearman |
| 17:53 | Construir | House |
| 17:57 | Construir | House |
| 18:07 | Construir | Lumber Camp |
| 18:12 | Encolar | Skirmisher |
| 18:13 | Encolar | Villager (Male) |
| 18:29 | Construir | Blacksmith |
| 18:34 | Encolar | Skirmisher |
| 18:35 | Encolar | Villager (Male) |
| 19:03 | Encolar | Skirmisher |
| 19:03 | Encolar | Skirmisher |
| 19:15 | Construir | House |
| 19:24 | Encolar | Villager (Male) |
| 19:34 | Encolar | Skirmisher |
| 19:39 | Construir | Market |
| 20:09 | Encolar | Villager (Male) |
| 20:20 | Encolar | Villager (Male) |
| 20:38 | Construir | Farm |
| 20:39 | Encolar | Villager (Male) |
| 20:40 | Encolar | Villager (Male) |
| 20:47 | Encolar | Villager (Male) |
| 20:51 | Encolar | Villager (Male) |
| 21:00 | Construir | Farm |
| 21:14 | Investigar | Castle Age |
| 21:16 | Construir | Farm |
| 22:13 | Encolar | Villager (Male) |
| 22:42 | Construir | Farm |
| 22:44 | Encolar | Villager (Male) |
| 22:53 | Construir | Stable |
| 23:00 | Investigar | Forging |
| 23:02 | Construir | Farm |
| 23:03 | Encolar | Villager (Male) |
| 23:09 | Construir | House |
| 23:23 | Investigar | Bloodlines |
| 23:49 | Construir | House |
| 23:50 | Construir | House |
| 23:53 | Construir | House |
| 24:02 | Construir | Farm |
| 24:07 | Investigar | Scale Barding Armor |
| 24:11 | Edad | Edad de los Castillos |
| 24:14 | Encolar | Steppe Lancer |
| 24:14 | Encolar | Steppe Lancer |
| 24:14 | Encolar | Steppe Lancer |
| 24:32 | Construir | Siege Workshop |
| 24:35 | Encolar | Villager (Male) |
| 24:45 | Encolar | Steppe Lancer |
| 25:01 | Construir | Town Center |
| 25:09 | Encolar | Steppe Lancer |
| 25:10 | Encolar | Steppe Lancer |
| 25:10 | Encolar | Villager (Male) |
| 25:11 | Encolar | Villager (Male) |
| 25:26 | Encolar | Mangonel |
| 25:28 | Encolar | Villager (Male) |
| 25:35 | Construir | Monastery |
| 25:38 | Encolar | Villager (Male) |
| 25:47 | Encolar | Steppe Lancer |
| 25:47 | Encolar | Steppe Lancer |
| 25:58 | Encolar | Villager (Male) |
| 26:19 | Encolar | Steppe Lancer |
Cronología de la partida
| 6:59 | davidagh2001 · first_building Barracks |
| 7:42 | davidagh2001 · age_up feudal |
| 7:55 | davidagh2001 · first_building Stable |
| 9:11 | AttiladaHun · first_building Barracks |
| 9:43 | AttiladaHun · age_up feudal |
| 9:57 | AttiladaHun · first_building Archery Range |
| 10:04 | davidagh2001 · first_building Archery Range |
| 11:11 | AttiladaHun · wall_segment Palisade Wall x10 |
| 14:36 | AttiladaHun · wall_segment Palisade Wall x8 |
| 15:55 | AttiladaHun · wall_segment Palisade Wall x16 |
| 21:02 | davidagh2001 · first_market_sell 500 wood |
| 21:03 | davidagh2001 · first_market_buy 100 food |
| 22:10 | AttiladaHun · first_building Stable |
| 23:25 | AttiladaHun · age_up castle |
| 24:11 | davidagh2001 · age_up castle |
| 24:32 | davidagh2001 · first_building Siege Workshop |
| 25:35 | davidagh2001 · first_building Monastery |
| 32:21 | AttiladaHun · wall_segment Palisade Wall x2 |
| 35:56 | davidagh2001 · first_building Castle |
| 37:35 | AttiladaHun · first_building Siege Workshop |
| 40:27 | AttiladaHun · first_building Monastery |
| 41:01 | AttiladaHun · first_building Castle |
| 42:13 | davidagh2001 · age_up imperial |
| 43:03 | AttiladaHun · age_up imperial |
| 51:46 | AttiladaHun · resign |
[ ANÁLISIS IA · 1 CRÉDITO ]
¿Qué pasó realmente en esta partida?
Wolo.gg analiza cada decisión: build order, eco, micro, errores típicos por bracket. Análisis personalizado por WhatsApp o Discord en 30 segundos.
Guía civ
Francos
Perfil
Jugador #6850975